 Dungeon Crawl Stone Soup version 0.30.0-5-g1a98f26d00 (webtiles) character file.

Game seed: 5186459625110572053

627 monsoonserge the Ducker (level 7, -7/56 HPs)
             Began as a Merfolk Monk on May 12, 2023.
             Killed from afar by a steam dragon (10 damage)
             ... with a ball of steam
             ... on level 6 of the Dungeon.
             The game lasted 00:14:57 (4091 turns).

monsoonserge the Ducker (Merfolk Monk)              Turns: 4091, Time: 00:14:58

Health: -7/56      AC: 10    Str: 11    XL:     7   Next: 48%
Magic:  7/7        EV: 13    Int: 12    God:
Gold:   300        SH:  0    Dex: 16    Spells: 6/6 levels left

rFire   . . .        q - +0 long sword
rCold   . . .        d - orb {light}
rNeg    . . .        i - +0 ring mail
rPois   .            F - +0 helmet
rElec   .            (no cloak)
rCorr   .            (no gloves)
SInv    .            (no boots)
Will    .....        (no amulet)
Stlth   +            L - +4 ring of protection
HPRegen 0.29/turn    (no ring)
MPRegen 0.10/turn

%: no passive effects
@: glowing, invisible (but backlit and visible)
A: (nimble swimmer 2), mertail
a: no special abilities


You were on level 6 of the Dungeon.
You visited 1 branch of the dungeon, and saw 6 of its levels.

You collected 300 gold pieces.

Inventory:

Hand Weapons
 a - a +0 falchion
 o - a +0 rapier
 q - a +0 long sword (weapon)
Missiles
 f - 6 poisoned darts
 I - 5 boomerangs (quivered)
 M - 6 javelins
Armour
 b - a +0 robe
 d - an orb of light (worn)
 g - a +0 chain mail
 i - a +0 ring mail (worn)
 m - a +0 plate armour
 A - a +0 leather armour
 C - a +0 scale mail
 F - a +0 helmet (worn)
Magical Staves
 r - a staff of death
Jewellery
 n - a ring of fire
 J - a ring of ice
 L - a +4 ring of protection (left hand)
Wands
 w - a wand of light (16)
 B - a wand of paralysis (4)
Scrolls
 e - 2 scrolls of immolation {unknown}
 h - a scroll of amnesia {unknown}
 j - 3 scrolls of poison {unknown}
 k - 3 scrolls of enchant weapon {unknown}
 l - 3 scrolls of enchant armour {unknown}
 u - 3 scrolls of identify {unknown}
 v - a scroll of magic mapping {unknown}
 y - a scroll of fear {unknown}
 E - 3 scrolls of teleportation {unknown}
 G - a scroll of acquirement {unknown}
Potions
 p - a potion of curing
 s - a potion of invisibility
 t - 2 potions of degeneration {unknown}
 x - 2 potions of lignification {unknown}
 z - a potion of heal wounds {unknown}
 D - a potion of brilliance {unknown}
 H - a potion of haste {unknown}
 K - a potion of resistance {unknown}


   Skills:
 + Level 5.4 Fighting
 - Level 4.3 Long Blades
 + Level 0.1 Throwing
 + Level 3.1 Armour
 + Level 6.5 Dodging
 - Level 2.0 Evocations


You had 6 spell levels left.
You didn't know any spells.
Your spell library contained the following spells:

 Spells                   Type           Power      Damage    Failure   Level
 Slow                     Hex            0%         N/A       58%         1
 Confusing Touch          Hex            0%         N/A       92%         3
 Tukima's Dance           Hex            0%         N/A       92%         3
 Vampiric Draining        Necr           0%         2d6       92%         3
 Passage of Golubria      Tloc           0%         N/A       100%        4
 Yara's Violent Unravell  Hex/Tmut       0%         3d3       100%        5


Dungeon Overview and Level Annotations

Branches:
Dungeon (6/15)
 Temple: D:4-7

Altars:
Ashenzari
Ru
Trog

Shops:
D:1 ?   D:2 !


Innate Abilities, Weirdness & Mutations

((You are very nimble when in or above water. (Stealth+, EV+, Speed+++)))
Your lower body shifts to a powerful aquatic tail in water.


Message History

The steam dragon bites you but does no damage.
The steam dragon closely misses you.
You hit the steam dragon.
The steam dragon is heavily wounded.
The steam dragon bites you.
* * * LOW HITPOINT WARNING * * *
The steam dragon claws you but does no damage.
You barely miss the steam dragon.
The steam dragon is heavily wounded.
You feel less invigorated.
You feel less confused. The steam dragon misses you.
The steam dragon claws you but does no damage.
You hit the steam dragon but do no damage.
The steam dragon is heavily wounded.
The steam dragon closely misses you.
The steam dragon claws you but does no damage.
The steam dragon barely misses you. x2
You hit the steam dragon.
The steam dragon is severely wounded.
The steam dragon bites you but does no damage.
The steam dragon claws you but does no damage.
You hit the steam dragon but do no damage.
The steam dragon is severely wounded.
The steam dragon breathes steam at you. The ball of steam misses you.
You hit the steam dragon but do no damage.
The steam dragon is severely wounded.
You are engulfed in a cloud of scalding steam.
* * * LOW HITPOINT WARNING * * *
The steam dragon bites you but does no damage.
The steam dragon claws you but does no damage.
It was a potion of invisibility.
You become transparent, but the glow from your halo prevents you from becoming completely invisible.
The steam dragon bites you.
* * * LOW HITPOINT WARNING * * *
The steam dragon barely misses you. The steam dragon breathes steam at you.
The ball of steam hits you!
You die...

####.#.~###.#####
#....#~.#...# #.
#....#~~#...# #.
#....#~~#...# #.
#....#.~##### #. #
#....#~~~b #.
####.###....##.~~ ####.
............########....
##....@D(...........##.
.......§§##.##.#########
###....#.##.##..#
##.#.#§##.###.# #
#.#.#§#... .# ## #
....#... .# #. #.?.#...#
.#~ ## #...#.### .#. #
..... #.# .


You could see a steam dragon (catching breath).

Vanquished Creatures
  Grinder (D:3)
  A black bear (D:4)
  A hound (D:3)
  2 jellies (D:6)
  Ijyb (D:3)
  3 orc wizards
  4 adders
  2 ufetubi
  3 dart slugs
  6 worms
  8 orcs
  3 bats (D:1)
  6 endoplasms
  5 giant cockroaches
  4 goblins
  3 hobgoblins (D:1)
  4 jackals (D:4)
  4 kobolds
  7 quokkas
  3 ball pythons
  3 frilled lizards
  8 rats
82 creatures vanquished.

Notes
Turn   | Place    | Note
-------+----------+-------------------------------------------
     0 | D:1      | monsoonserge the Merfolk Monk began the quest for the Orb.
     0 | D:1      | Reached XP level 1. HP: 18/18 MP: 1/1
   149 | D:1      | Reached XP level 2. HP: 23/24 MP: 2/2
   390 | D:1      | Reached XP level 3. HP: 29/29 MP: 3/3
   601 | D:1      | Found Maaptonnu's Magic Scroll Emporium.
   646 | D:2      | Found a faded altar of an unknown god.
   759 | D:2      | Found Igrac's Distillery.
  1287 | D:3      | Found a broken altar of Ashenzari.
  1324 | D:3      | Reached XP level 4. HP: 26/37 MP: 4/4
  1327 | D:3      | Reached skill level 1 in Armour
  1406 | D:3      | Reached skill level 1 in Evocations
  1527 | D:3      | Noticed Ijyb
  1532 | D:3      | Paralysed by Ijyb for 4 turns
  1543 | D:3      | Killed Ijyb
  1544 | D:3      | Reached XP level 5. HP: 38/42 MP: 5/5
  2023 | D:3      | Noticed Grinder
  2029 | D:3      | Killed Grinder
  2030 | D:3      | Reached skill level 5 in Dodging
  2030 | D:3      | Reached XP level 6. HP: 44/50 MP: 6/6
  2423 | D:4      | Noticed a black bear
  2435 | D:4      | Killed a black bear
  2436 | D:4      | Reached skill level 5 in Fighting
  2436 | D:4      | Reached XP level 7. HP: 7/56 MP: 7/7
  2978 | D:4      | Noticed a moth of wrath
  2981 | D:4      | Found a bloodstained altar of Trog.
  3342 | D:5      | Entered Level 5 of the Dungeon
  3365 | D:5      | Reached skill level 6 in Dodging
  3927 | D:6      | Found a sacrificial altar of Ru.
  4068 | D:6      | Noticed a steam dragon
  4079 | D:6      | HP: 2/56 [steam dragon] (1)]
  4091 | D:6      | Killed from afar by a steam dragon

Illustrated notes

Levels and vault maps discovered:
D:1:      doesnt_arrival_eight_statues, layout_basic, serial_shops,
          nicolae_shop_rolled_up, kennysheep_pointless_box
D:2:      layout_rooms, serial_shops, shop, shapermc_ecumenical_altar_venn,
          minmay_misc_feat_tiny
D:3:      layout_loops_ring, old_standard_altar, saegor_snake_ambush, uniq_ijyb,
          uniq_grinder
D:4:      layout_cave_pods, tgw_trog, st_stairs_13, nrook_uturn
D:5:      layout_rooms
D:6:      layout_loops_ring, mainiacjoe_overflow_catwalk, serial_aquarium,
          aquarium_bridge_straight [aquarium_subvault_bridge,
          aquarium_subvault_window, aquarium_subvault_bridge,
          aquarium_subvault_wall], aquarium_bridge_square
          [aquarium_subvault_bridge, aquarium_subvault_window,
          aquarium_subvault_window, aquarium_subvault_bridge],
          aquarium_window_fake, aquarium_window_2, aquarium_view_2a,
          aquarium_view_2f, aquarium_balcony_3a

Skill      XL: |  1  2  3  4  5  6  7 |
---------------+----------------------+-----
Long Blades    | 4 |  4.3
Armour         | 1 2 3 |  3.1
Evocations     | 1 2 |  2.0
Fighting       | 4 5 |  5.4
Dodging        | 5 6 |  6.5
Throwing       | |  0.1

Action                     |  1- 3 |  4- 6 |  7- 9 || total
---------------------------+-------+-------+-------++-------
  Melee: Falchion          |    67 |       |       ||    67
         Long sword        |    27 |    58 |    95 ||   180
         Rapier            |     7 |       |       ||     7
  Throw: Dart              |       |     1 |       ||     1
         Boomerang         |       |       |     3 ||     3
  Evoke: Wand              |       |     2 |       ||     2
    Use: Potion            |       |       |     3 ||     3
 Armour: Chain mail        |     8 |       |       ||     8
         Ring mail         |    33 |    24 |    37 ||    94
  Dodge: Dodged            |    63 |    49 |    67 ||   179
